 Dungeon Crawl Stone Soup version 0.21.0-3-g78d12a8 (webtiles) character file.

206 Ignatius881 the Twirler (level 5, 0/43 HPs)
             Began as a Gnoll Wanderer on Jan 10, 2018.
             Succumbed to a scorpion's poison
             ... on level 4 of the Dungeon.
             The game lasted 00:17:28 (4571 turns).

Ignatius881 the Twirler (Gnoll Wanderer)            Turns: 4571, Time: 00:17:29

Health: 0/43       AC:  2    Str: 17    XL:     5   Next: 84%
Magic:  1/12       EV: 12    Int: 15    God:
Gold:   159        SH:  0    Dex: 12    Spells: 1/14 levels left

rFire    . . .     SeeInvis .   c - +0 quarterstaff
rCold    . . .     Gourm    .   (shield currently unavailable)
rNeg     . . .     Faith    .   d - +0 robe
rPois    .         Spirit   .   (no helmet)
rElec    .         Reflect  .   (no cloak)
rCorr    .         Harm     .   (no gloves)
MR       .....                  (no boots)
Stlth    ++........             (no amulet)
HPRegen  0.14/turn              (no ring)
MPRegen  0.13/turn              (no ring)

@: lethally poisoned (0 -> -25), very slightly contaminated
A: distributed training, fangs 1, strong nose
a: no special abilities


You were on level 4 of the Dungeon.
You were hungry.

You visited 1 branch of the dungeon, and saw 4 of its levels.

You collected 159 gold pieces.

Inventory:

Hand Weapons
 c - a +0 quarterstaff (weapon)
 g - a +0 club
   (You took it off a hobgoblin on level 1 of the Dungeon)
 l - a +0 rapier
   (You found it on level 2 of the Dungeon)
 o - a +0 flail
   (You found it on level 3 of the Dungeon)
Armour
 d - a +0 robe (worn)
 m - a +0 pair of gloves
   (You found it on level 2 of the Dungeon)
Scrolls
 f - a scroll of immolation {unknown}
 h - a scroll of identify {unknown}
 j - a scroll of teleportation {@r4}
 p - a scroll of amnesia {unknown}
 q - 2 scrolls of noise {unknown}
 t - a scroll of fog {unknown}
 u - a scroll of remove curse {unknown}
Potions
 b - a potion of curing {@q1}
 i - a potion of lignification {unknown}
 n - a potion of flight {unknown}
 s - a potion of degeneration {unknown}
 v - a potion of brilliance {unknown}
Books
 a - a book of Minor Magic
 k - a book of Callings
   (You found it on level 3 of the Dungeon)
Comestibles
 e - 11 rations


   Skills:
 + Level 4.8 Fighting
 + Level 1.6 Short Blades
 + Level 1.6 Long Blades
 + Level 1.6 Axes
 + Level 1.6 Maces & Flails
 + Level 1.6 Polearms
 + Level 6.7 Staves
 + Level 1.6 Slings
 + Level 1.6 Bows
 + Level 1.6 Crossbows
 + Level 1.6 Throwing
 + Level 1.6 Armour
 + Level 1.6 Dodging
 + Level 2.8 Stealth
 + Level 1.6 Shields
 + Level 1.6 Unarmed Combat
 + Level 5.2 Spellcasting
 + Level 1.3 Conjurations
 + Level 1.3 Hexes
 + Level 2.4 Charms
 + Level 1.3 Summonings
 + Level 1.3 Necromancy
 + Level 1.3 Translocations
 + Level 1.3 Transmutations
 + Level 1.3 Fire Magic
 + Level 1.3 Ice Magic
 + Level 1.3 Air Magic
 + Level 1.3 Earth Magic
 + Level 1.3 Poison Magic
 + Level 1.8 Invocations
 + Level 3.0 Evocations


You had one spell level left.
You knew the following spells:

 Your Spells              Type           Power        Failure   Level  Hunger
a - Magic Dart            Conj           #...         10%         1    None
b - Call Imp              Summ           #.......     14%         2    ##.....
c - Conjure Flame         Conj/Fire      #.......     28%         3    ###....
d - Mephitic Cloud        Conj/Pois/Air  #.......     28%         3    ###....
e - Summon Small Mammal   Summ           #...         10%         1    None
f - Summon Guardian Gole  Hex/Summ       #.......     28%         3    ###....


Dungeon Overview and Level Annotations

Branches:
Dungeon (4/15)
 Temple: D:4-7

Altars:

Annotations:
D:2 Sigmund
D:3 komo4ek's ghost, amateur VSIE


Innate Abilities, Weirdness & Mutations

Your experience applies equally to all skills.
You have very sharp teeth.
Your uncanny sense of smell can sniff out nearby items.


Message History

Found a stone staircase leading down.
A scorpion comes into view.
You see here a potion of curing {@q1}.
Aim: a scorpion (resting)
You miscast Magic Dart.
You are very lightly contaminated with residual magic.
Nothing appears to happen.
Aim: a scorpion (resting)
The magic dart hits the scorpion.
Aim: a scorpion The magic dart hits the scorpion.
Aim: a scorpion (lightly wounded)
The magic dart hits the scorpion.
Aim: a scorpion (lightly wounded)
The magic dart hits the scorpion.
Aim: a scorpion (lightly wounded)
The magic dart hits the scorpion.
Aim: a scorpion (lightly wounded)
The magic dart hits the scorpion.
Aim: a scorpion (lightly wounded)
The magic dart hits the scorpion.
The scorpion stings you.
Aim: a scorpion (moderately wounded)
The magic dart hits the scorpion.
The scorpion closely misses you.
Aim: a scorpion (heavily wounded)
The magic dart hits the scorpion.
The scorpion stings you.
You are poisoned.
The scorpion poisons you!
Aim: a scorpion (heavily wounded)
The magic dart hits the scorpion.
You feel sick. The scorpion stings you!
Aim: a scorpion (severely wounded)
The magic dart hits the scorpion.
You feel sick. The scorpion stings you!
* * * LOW HITPOINT WARNING * * *
You are more poisoned.
The scorpion poisons you!
Aim: a scorpion (severely wounded)
The magic dart hits the scorpion.
* * * LOW HITPOINT WARNING * * *
You feel sick. The scorpion barely misses you.
You don't have enough magic to cast that spell.
You hit the scorpion. Your bite misses the scorpion.
You feel sick. The scorpion stings you.
* * * LOW HITPOINT WARNING * * *
You barely miss the scorpion.
* * * LOW HITPOINT WARNING * * *
You feel sick. The scorpion stings you!
* * * LOW HITPOINT WARNING * * *
You are more poisoned.
The scorpion poisons you!
You closely miss the scorpion.
You die...

....##########
...<.........# ######
....##.......# #....# .
######.......###....##..
#.................#
#...................
#.......###.........
#....................
.......<......@........
....(......####s.......
####.#...#### ##.......
#.###.. ...... . ##.
>..... ...... ..... ....


You could see a scorpion.

Vanquished Creatures
  Natasha (thrice) (D:2)
  8 adders
  2 dart slugs
  2 leopard geckos
  A ball python (D:2)
  2 bats
  2 giant cockroaches
  9 goblins
  9 hobgoblins
  11 jackals (D:2)
  4 kobolds
  A quokka (D:2)
  6 frilled lizards
  A leopard gecko skeleton (D:2)
  7 rats
68 creatures vanquished.

Notes
Turn   | Place    | Note
-------+----------+-------------------------------------------
     0 | D:1      | Ignatius881 the Gnoll Wanderer began the quest for the Orb.
     0 | D:1      | Ignatius881 set off with: a book of Minor Magic, a potion of curing {@q1}, a +0 quarterstaff, a +0 robe, a ration
     0 | D:1      | Reached XP level 1. HP: 20/20 MP: 6/6
     2 | D:1      | Learned a level 1 spell: Magic Dart
   265 | D:1      | Reached XP level 2. HP: 26/26 MP: 5/7
   288 | D:1      | Learned a level 2 spell: Call Imp
  1154 | D:1      | Reached XP level 3. HP: 31/31 MP: 2/9
  1350 | D:1      | Learned a level 3 spell: Conjure Flame
  1354 | D:1      | Learned a level 3 spell: Mephitic Cloud
  1448 | D:2      | Reached skill level 5 in Spellcasting
  1646 | D:2      | Reached skill level 1 in Invocations
  1781 | D:2      | Noticed Sigmund
  1958 | D:2      | Reached skill level 1 in Short Blades
  1958 | D:2      | Reached skill level 1 in Long Blades
  1958 | D:2      | Reached skill level 1 in Axes
  1958 | D:2      | Reached skill level 1 in Maces & Flails
  1958 | D:2      | Reached skill level 1 in Polearms
  1958 | D:2      | Reached skill level 1 in Slings
  1958 | D:2      | Reached skill level 1 in Bows
  1958 | D:2      | Reached skill level 1 in Crossbows
  1958 | D:2      | Reached skill level 1 in Throwing
  1958 | D:2      | Reached skill level 1 in Armour
  1958 | D:2      | Reached skill level 1 in Dodging
  1958 | D:2      | Reached skill level 1 in Shields
  1958 | D:2      | Reached skill level 1 in Unarmed Combat
  2009 | D:2      | Reached XP level 4. HP: 36/38 MP: 0/11
  2201 | D:2      | Noticed Natasha
  2508 | D:2      | Reached skill level 1 in Conjurations
  2508 | D:2      | Reached skill level 1 in Hexes
  2508 | D:2      | Reached skill level 1 in Summonings
  2508 | D:2      | Reached skill level 1 in Necromancy
  2508 | D:2      | Reached skill level 1 in Translocations
  2508 | D:2      | Reached skill level 1 in Transmutations
  2508 | D:2      | Reached skill level 1 in Fire Magic
  2508 | D:2      | Reached skill level 1 in Ice Magic
  2508 | D:2      | Reached skill level 1 in Air Magic
  2508 | D:2      | Reached skill level 1 in Earth Magic
  2508 | D:2      | Reached skill level 1 in Poison Magic
  3296 | D:3      | Learned a level 1 spell: Summon Small Mammal
  3300 | D:3      | Learned a level 3 spell: Summon Guardian Golem
  3517 | D:3      | Noticed komo4ek's ghost (amateur VSIE)
  3553 | D:2      | Killed Natasha
  3553 | D:2      | Reached XP level 5. HP: 20/43 MP: 8/12
  3559 | D:2      | Noticed Natasha
  3574 | D:2      | Killed Natasha
  3774 | D:2      | Noticed Natasha
  3799 | D:2      | Killed Natasha
  4570 | D:4      | HP: 1/43 [scorpion (7)]
  4571 | D:4      | Succumbed to a scorpion's poison

Skill      XL: |  1  2  3  4  5 |
---------------+----------------+-----
Charms         | 2 |  2.4
Spellcasting   | 5 |  5.2
Invocations    | 1 |  1.8
Short Blades   | 1 |  1.6
Long Blades    | 1 |  1.6
Axes           | 1 |  1.6
Maces & Flails | 1 |  1.6
Polearms       | 1 |  1.6
Slings         | 1 |  1.6
Bows           | 1 |  1.6
Crossbows      | 1 |  1.6
Throwing       | 1 |  1.6
Armour         | 1 |  1.6
Dodging        | 1 |  1.6
Shields        | 1 |  1.6
Unarmed Combat | 1 |  1.6
Conjurations   | 1 |  1.3
Hexes          | 1 |  1.3
Summonings     | 1 |  1.3
Necromancy     | 1 |  1.3
Translocations | 1 |  1.3
Transmutations | 1 |  1.3
Fire Magic     | 1 |  1.3
Ice Magic      | 1 |  1.3
Air Magic      | 1 |  1.3
Earth Magic    | 1 |  1.3
Poison Magic   | 1 |  1.3
Evocations     | 3 |  3.0
Fighting       | |  4.8
Staves         | |  6.7
Stealth        | |  2.8

Action                   |  1- 3 |  4- 6 || total
-------------------------+-------+-------++-------
Melee: Quarterstaff      |    18 |    41 ||    59
       Bite              |     1 |       ||     1
 Cast: Magic Dart        |    82 |   110 ||   192
       Call Imp          |     1 |     4 ||     5
       Summon Small Mamm |       |    11 ||    11
  Use: Scroll            |       |     1 ||     1
  Eat: Ration            |     1 |       ||     1
       Chunk             |       |     7 ||     7
Armor: Robe              |    12 |    10 ||    22
Dodge: Dodged            |    22 |    38 ||    60
